 Dungeon Crawl Stone Soup version 0.16.1-51-g6203257 (webtiles) character file.

9434 Gargoyl the Fighter (level 11, -8/72 HPs)
             Began as a Gargoyle Berserker on July 19, 2015.
             Was a High Priest of Trog.
             Mangled by a hill giant
             ... wielding a +0 giant club
              (16 damage)
             ... on level 12 of the Dungeon.
             The game lasted 00:34:10 (9748 turns).

Gargoyl the Fighter (Gargoyle Berserker)            Turns: 9748, Time: 00:34:10

Health: -8/72      AC: 28    Str: 24    XL:     11   Next: 46%
Magic:  11/11      EV: 10    Int:  8    God:    Trog [*****.]
Gold:   449        SH:  0    Dex:  9    Spells: 0 memorised, 10 levels left

rFire  . . .     SeeInvis +     g - +1 battleaxe (vamp)
rCold  . . .     Clarity  .     y - +0 chain mail
rNeg   + . .     SustAb   .     (no shield)
rPois  ∞         Gourm    .     (no helmet)
rElec  +         Spirit   .     n - +1 cloak
rCorr  .         Warding  .     b - +0 pair of gloves
rMut   .         Stasis   .     (no boots)
MR     .....                    (no amulet)
Stlth  ..........               s - ring of see invisible
                                D - +6 ring of protection (curse)

@: not resistant to hostile enchantments, extremely unstealthy
A: negative energy resistance 1, electricity resistance, unbreathing,
petrification resistance, rot immunity, AC +7
a: Burn Spellbooks, Berserk, Trog's Hand, Brothers in Arms, Renounce Religion


You were on level 12 of the Dungeon.
You worshipped Trog.
Trog was extremely pleased with you.
You were not hungry.

You visited 1 branch of the dungeon, and saw 12 of its levels.
You also visited: Sewer.

You collected 722 gold pieces.
You spent 273 gold pieces at shops.

Inventory:

Hand weapons
 g - a +1 vampiric battleaxe (weapon)
 A - a +3 dire flail of crushing
Armour
 b - a +0 pair of gloves (worn)
 n - a +1 cloak (worn)
 y - a +0 chain mail (worn)
Jewellery
 f - an uncursed ring of flight
 s - a ring of see invisible (right hand)
 x - an uncursed ring of wizardry
 D - a cursed +6 ring of protection (left hand)
 Q - an uncursed ring of sustain abilities
Magical devices
 a - a wand of magic darts (23)
 m - a wand of enslavement (8)
 p - a wand of teleportation (3)
 t - a wand of flame (19)
 B - a wand of magic darts (33)
 E - a wand of digging (13)
 F - a wand of draining (6)
 J - a wand of polymorph (0)
 K - a wand of fire (11)
 M - a wand of magic darts (28)
 P - a wand of magic darts (16)
Scrolls
 e - a scroll of vulnerability {unknown}
 h - 3 scrolls of remove curse
 j - 5 scrolls of enchant armour
 l - 7 scrolls of identify
 o - a scroll of magic mapping
 r - a scroll of blinking {unknown}
 C - 2 scrolls of teleportation
 O - a scroll of fear
Potions
 d - 2 potions of cancellation
 i - 4 potions of restore abilities
 k - a potion of lignification
 q - 3 potions of brilliance
 u - 3 potions of curing
 v - a potion of magic
 z - 4 potions of might
Comestibles
 c - 2 bread rations


   Skills:
 + Level 9.7 Fighting
 + Level 4.6(7.2) Axes
 + Level 9.4(10.0) Maces & Flails
 + Level 9.4 Armour
 + Level 7.0 Dodging
 + Level 1.3 Stealth


You had 10 spell levels left.
You didn't know any spells.

Dungeon Overview and Level Annotations

Branches:
Dungeon (12/15)            Temple (0/1) D:6            Lair (0/8) D:11
    Orc (0/4) D:10

Altars:
Fedhas
Kikubaaqudgha
Makhleb
Okawaru
Ru
Sif Muna
Yredelemnul

Shops:
D:6 :   D:7 [   D:11 }


Innate Abilities, Weirdness & Mutations

You are resistant to torment.
You are immune to poison.
Your stone body is very resilient (AC +7).
You resist negative energy.
You are resistant to electric shocks.
You can survive without breathing.
You are immune to petrification.
You are immune to rotting.


Message History

The hill giant shouts!
There is an open door here.
You slash the hill giant!
The hill giant is lightly wounded.
The hill giant hits you with a giant club!
The hill giant closely misses you.
You slice the hill giant!!
The hill giant is heavily wounded.
The hill giant barely misses you.
You barely miss the hill giant.
The hill giant is heavily wounded.
The hill giant hits you with a giant club!!
You barely miss the hill giant.
The hill giant is heavily wounded.
The hill giant hits you with a giant club!!
* * * LOW HITPOINT WARNING * * *
You slash the hill giant!
You feel better.
The hill giant is heavily wounded.
The hill giant hits you with a giant club!
You die...

########+##
#.........#
##.........#
######+##..........#
##.......#..........#
.'............^.....#
##........#.........#
#.......##.........#
#####+#########@####
#C# #.# #.. ##+


You could see a hill giant.

Vanquished Creatures
  A hill giant (D:12)
  Pikel (D:4)
  An ugly thing (D:11)
  2 kobold demonologists (D:10)
  A red devil (D:10)
  2 wraiths (D:12)
  2 wyverns
  2 hippogriffs (D:7)
  A hungry ghost (D:7)
  7 yaks
  A ynoxinul (D:10)
  Grum (D:8)
  4 orc warriors
  2 wolves (D:8)
  A soldier ant (D:12)
  A mottled dragon (D:11)
  A black bear (D:11)
  3 ogres
  An ice beast (D:7)
  4 centaurs
  6 big kobolds
  3 giant frogs (D:9)
  Blork the orc (D:4)
  2 scorpions
  9 wights
  6 electric eels (D:10)
  4 crimson imps
  4 hounds
  2 giant frog zombies
  3 centaur zombies
  5 iguanas
  2 centaur skeletons
  A jelly (D:5)
  10 orc priests
  2 quasits
  11 orc wizards
  10 worker ants
  A mummy (D:11)
  A worker ant zombie (D:7)
  12 adders
  4 gnolls
  A river rat (Sewer)
  A shadow imp (D:5)
  7 giant mites
  3 adder skeletons
  5 giant geckos
  42 orcs
  A ball python (D:4)
  2 bat skeletons
  A bat zombie (D:5)
  5 giant cockroaches
  10 goblins
  12 hobgoblins
  8 jackals
  A quokka (D:5)
  15 bats
  A giant gecko skeleton (D:8)
  3 giant newts
  18 kobolds
  A quokka zombie (D:6)
  26 rats
  A rat skeleton (Sewer)
  6 river rat skeletons (Sewer)
  2 river rat zombies (Sewer)
  A plant (D:6)
311 creatures vanquished.

Vanquished Creatures (others)
  An orc (D:10)
1 creature vanquished.

Grand Total: 312 creatures vanquished

Notes
Turn   | Place    | Note
--------------------------------------------------------------
     0 | D:1      | Gargoyl, the Gargoyle Berserker, began the quest for the Orb.
     0 | D:1      | Reached XP level 1. HP: 14/14 MP: 1/1
    99 | D:1      | Reached XP level 2. HP: 19/19 MP: 2/2
   269 | D:1      | Acquired Trog's second power
   364 | D:1      | Reached XP level 3. HP: 24/24 MP: 3/3
  1299 | D:3      | Reached skill level 4 in Fighting
  1400 | D:3      | Reached XP level 4. HP: 25/29 MP: 4/4
  1465 | D:3      | Found a glowing drain.
  1477 | D:3      | Reached XP level 5. HP: 25/33 MP: 5/5
  1493 | Sewer    | Entered a sewer
  1550 | Sewer    | Reached skill level 1 in Axes
  1737 | Sewer    | Reached XP level 6. HP: 33/39 MP: 6/6
  1846 | Sewer    | Reached XP level 7. HP: 25/44 MP: 7/7
  2401 | D:3      | Reached skill level 5 in Fighting
  2847 | D:4      | Acquired Trog's third power
  2916 | D:4      | Noticed Pikel
  2948 | D:4      | Killed Pikel
  2948 | D:4      | Reached skill level 5 in Armour
  2948 | D:4      | Reached skill level 5 in Dodging
  2948 | D:4      | Reached XP level 8. HP: 34/51 MP: 8/8
  2959 | D:4      | Noticed Blork the orc
  2972 | D:4      | Killed Blork the orc
  3402 | D:5      | Entered Level 5 of the Dungeon
  3544 | D:5      | Reached skill level 5 in Maces & Flails
  3639 | D:5      | Reached skill level 6 in Fighting
  3639 | D:5      | Reached skill level 1 in Stealth
  3926 | D:5      | Found a basalt altar of Yredelemnul.
  4338 | D:6      | Found a staircase to the Ecumenical Temple.
  4361 | D:6      | Found an ancient bone altar of Kikubaaqudgha.
  4379 | D:6      | Reached XP level 9. HP: 52/55 MP: 9/9
  4542 | D:6      | Found Huugyu's Book Shoppe.
  4913 | D:6      | Found a deep blue altar of Sif Muna.
  5335 | D:7      | Found a blossoming altar of Fedhas.
  5463 | D:7      | Received a gift from Trog
  5623 | D:7      | Reached skill level 7 in Fighting
  5948 | D:7      | Found Satt's Armour Shop.
  6519 | D:8      | Reached XP level 10. HP: 43/64 MP: 10/10
  6582 | D:8      | Noticed Grum
  6611 | D:8      | Killed Grum
  6838 | D:8      | You fall through a shaft!
  6839 | D:9      | Found a sacrificial altar of Ru.
  6930 | D:9      | Reached skill level 8 in Fighting
  7004 | D:9      | Received a gift from Trog
  7283 | D:9      | Found an iron altar of Okawaru.
  7429 | D:9      | Found a burning altar of Makhleb.
  7430 | D:9      | Noticed an Executioner
  7636 | D:10     | Entered Level 10 of the Dungeon
  8006 | D:10     | Found a staircase to the Orcish Mines.
  8637 | D:11     | Reached skill level 9 in Maces & Flails
  8650 | D:11     | Found Ekliymil's Gadget Emporium.
  8688 | D:11     | Bought a wand of teleportation (3) for 273 gold pieces
  8799 | D:11     | Received a gift from Trog
  8932 | D:11     | Found a staircase to the Lair.
  9016 | D:11     | Reached XP level 11. HP: 59/71 MP: 11/11
  9159 | D:11     | Noticed a red ugly thing
  9187 | D:11     | Killed a red ugly thing
  9570 | D:12     | Noticed a hill giant
  9581 | D:12     | Killed a hill giant
  9741 | D:12     | Noticed a hill giant
  9748 | D:12     | Mangled by a hill giant

Action                   |  1- 3 |  4- 6 |  7- 9 | 10-12 || total
-------------------------+-------+-------+-------+-------++-------
Melee: Mace              |    53 |       |       |       ||    53
       Hand axe          |    17 |   141 |     8 |       ||   166
       Dire flail        |       |       |   453 |   293 ||   746
       Battleaxe         |       |       |       |   161 ||   161
Invok: Berserk           |     1 |       |     1 |       ||     2
       Trog's Hand       |       |       |     4 |     4 ||     8
 Abil: Evoke Flight      |       |       |     1 |       ||     1
  Use: Scroll            |       |       |    10 |     8 ||    18
       Potion            |       |       |       |    16 ||    16
  Eat: Bread ration      |     1 |       |     1 |     3 ||     5
       Fruit             |       |       |     2 |     2 ||     4
       Beef jerky        |       |       |     2 |     2 ||     4
       Meat ration       |       |       |     2 |       ||     2
       Pizza             |       |       |     1 |       ||     1
